Map: Dusk Towers

Players

eMoRoss

  • Race: Protoss Protoss

Jakamakala - Winner!

  • Race: Terran Terran
  • League: Grandmaster

VOD

Have the link to the VOD?

Description

Time

  • Played on: Jan. 13, 2016, 2:53 a.m.
  • Length: 8:34
Show
View Real Time Build Order
Export as new Build Order

eMoRoss Protoss 

Build Orders: 1 Gate Expand 

Get SALT Encoding   

  12  0:01  Probe (Chrono Boost)  
  13  0:11  Probe (Chrono Boost)  
  14  0:17  Pylon  
  14  0:22  Probe (Chrono Boost)  
  15  0:34  Assimilator  
  15  0:35  Probe (Chrono Boost)  
  16  0:43  Gateway  
  16  0:45  Probe (Chrono Boost)  
  17  0:56  Probe (Chrono Boost)  
  18  1:07  Probe (Chrono Boost)  
  19  1:17  Probe (Chrono Boost)  
  20  1:20  Nexus  
  20  1:31  Cybernetics Core  
  20  1:34  Probe (Chrono Boost)  
  20  1:38  Assimilator  
  21  1:44  Probe (Chrono Boost)  
  22  1:48  Pylon  
  22  1:55  Probe (Chrono Boost)  
  23  2:07  Adept  
  23  2:08  Mothership Core (Chrono Boost)  
  26  2:15  Pylon  
  25  2:28  Probe (Chrono Boost)  
  25  2:34  Warp Gate  
  25  2:38  Probe (Chrono Boost)  
  25  2:39  Probe (Chrono Boost)  
  27  2:49  Probe (Chrono Boost)  
  28  3:04  Probe (Chrono Boost)  
  31  3:05  Adept  
  31  3:06  Probe (Chrono Boost)  
  31  3:10  Robotics Facility  
  32  3:15  Probe (Chrono Boost)  
  32  3:16  Probe (Chrono Boost)  
  34  3:26  Probe (Chrono Boost), Twilight Council  
  35  3:31  Probe (Chrono Boost)  
  36  3:36  Probe (Chrono Boost)  
  37  3:46  Probe (Chrono Boost)  
  37  3:52  Probe (Chrono Boost)  
  37  3:55  Gateway  
  38  3:56  Probe (Chrono Boost)  
  38  3:57  Gateway  
  38  3:59  Observer (Chrono Boost)  
  40  4:03  Probe  
  40  4:06  Probe  
  40  4:09  Blink (Chrono Boost)  
  42  4:15  Probe  
  42  4:16  Probe  
  43  4:19  Observer  
  45  4:27  Probe x2  
  45  4:30  Nexus  
  47  4:34  Pylon  
  44  4:43  Pylon  
  44  4:44  Probe  
  40  4:48  Probe  
  41  4:52  Assimilator  
  41  4:58  Assimilator  
  41  4:59  Stalker  
  43  5:03  Probe  
  43  5:06  Probe  
  45  5:15  Probe  
  45  5:16  Probe  
  47  5:26  Stalker  
  47  5:27  Probe x2  
  51  5:37  Gateway  
  51  5:39  Gateway x2  
  51  5:43  Pylon  
  48  5:51  Stalker  
  50  6:01  Probe  
  50  6:02  Probe  
  52  6:08  Pylon  
  52  6:10  Probe  
  52  6:12  Probe, Pylon  
  52  6:14  Probe  
  55  6:21  Probe  
  55  6:22  Probe  
  57  6:26  Resonating Glaives (Chrono Boost), Probe  
  57  6:31  Probe  
  58  6:33  Probe  
  60  6:40  Stalker x3  
  60  6:43  Stalker  
  68  6:49  Pylon  
  68  6:50  Probe  
  68  6:51  Probe x2  
  71  7:04  Observer  
  71  7:06  Probe x2  
  71  7:07  Probe  
  75  7:09  Stalker  
  75  7:10  Stalker x2  
  81  7:16  Probe x2  
  81  7:19  Probe  
  81  7:22  Adept x2  
  86  7:23  Adept  
  90  7:36  Gateway x2  
  88  7:37  Gateway  
  88  7:40  Adept x2  
  88  7:47  Pylon  
  88  7:54  Stalker x2  
  88  7:55  Stalker x2  
  96  8:04  Stalker  
  96  8:05  Stalker  
  98  8:18  Adept x4  
Show
View Real Time Build Order
Export as new Build Order

Jakamakala Terran - Winner!

Build Orders: Liberator Opening, MMM Bio 

Get SALT Encoding   

  12  0:01  SCV  
  13  0:13  SCV  
  14  0:18  Supply Depot  
  14  0:25  SCV  
  15  0:39  SCV  
  15  0:41  Barracks  
  16  0:46  Refinery  
  16  0:51  SCV  
  16  0:56  Refinery  
  17  1:03  SCV  
  18  1:16  SCV  
  19  1:28  Reaper  
  19  1:29  Orbital Command  
  20  1:45  Factory  
  20  1:54  Supply Depot, SCV  
  20  2:00  Reaper  
  22  2:06  SCV  
  23  2:19  SCV  
  24  2:30  Factory Tech Lab, Starport  
  24  2:31  SCV  
  25  2:40  Supply Depot  
  25  2:43  SCV  
  26  2:55  SCV  
  26  2:56  Liberator  
  29  3:05  Cyclone  
  29  3:07  SCV  
  30  3:19  SCV  
  34  3:22  Command Center  
  34  3:28  Supply Depot  
  34  3:31  SCV  
  35  3:39  Liberator  
  35  3:43  SCV  
  36  3:55  SCV, Widow Mine  
  37  4:02  Supply Depot  
  41  4:06  Stimpack, Barracks  
  41  4:07  SCV  
  41  4:08  Barracks  
  43  4:12  Marauder  
  44  4:20  SCV  
  44  4:24  Supply Depot  
  45  4:28  Liberator  
  45  4:32  Widow Mine  
  45  4:33  SCV  
  45  4:37  Orbital Command  
  48  4:40  Marauder  
  53  5:04  SCV x2  
  53  5:06  Factory Reactor  
  55  5:07  Barracks Tech Lab  
  55  5:08  Marauder  
  55  5:14  Barracks Reactor  
  57  5:15  Engineering Bay  
  57  5:16  SCV x2  
  57  5:17  Refinery x2  
  59  5:27  Concussive Shells  
  61  5:28  SCV, Marauder  
  61  5:29  SCV  
  61  5:35  Starport Reactor  
  63  5:40  SCV  
  63  5:41  SCV  
  65  5:44  Widow Mine  
  65  5:45  Marauder  
  69  5:50  Supply Depot  
  69  5:52  SCV  
  69  5:53  SCV, Missile Turret  
  71  6:04  SCV  
  71  6:05  SCV  
  71  6:07  Combat Shields  
  71  6:09  Marauder x2  
  71  6:11  Barracks  
  77  6:12  Barracks  
  77  6:14  Medivac  
  79  6:21  Supply Depot  
  79  6:27  Marine x2  
  79  6:30  Terran Infantry Weapons Level 1  
  79  6:31  Medivac  
  83  6:34  Supply Depot  
  83  6:40  Marauder  
  83  6:42  Widow Mine x2  
  83  6:43  Marauder  
  91  6:47  Supply Depot  
  91  6:49  Missile Turret  
  91  6:53  Marine x2  
  93  6:56  Medivac  
  95  7:01  Liberator  
  95  7:05  Barracks Reactor, Barracks Tech Lab  
  95  7:06  Marauder x2  
  99  7:10  Supply Depot  
  99  7:13  Widow Mine, Marine x2  
  99  7:14  Widow Mine  
  108  7:29  Marauder, Marine x2  
  107  7:31  Marine  
  106  7:42  Marine x2, Medivac  
  110  7:47  Marauder x2  
  110  7:51  Marine, Marauder  
  116  7:52  Marine  
  118  7:59  Widow Mine x2  
  118  8:00  Supply Depot, Marine  
  123  8:07  Marine  
  123  8:09  Marauder x2  
  123  8:12  Marauder  
  126  8:15  Marine  
Tags
 
Add a new tag
Caveats
  • Supply blocks, unpowered buildings, or Contaminate may cause inaccurate times.
  • Supply counts are checked every 10 seconds.